 Dungeon Crawl Stone Soup version 0.26.1-11-gd32895ea62 (webtiles) character file.

Game seed: 7761208666524631066

98795 Amplified the Fighter (level 15, -18/127 HPs)
             Began as a Demonspawn Ice Elementalist on July 19, 2021.
             Was the Champion of Makhleb.
             Demolished by a lorocyproca (34 damage)
             ... summoned by a deep elf demonologist
             ... while paralysed
             ... on level 1 of the Elven Halls on July 20, 2021.
             The game lasted 00:50:25 (28713 turns).

Amplified the Fighter (DsIE)                       Turns: 28713, Time: 00:50:25

Health: -18/127    AC:  8    Str: 19    XL:     15   Next: 75%
Magic:  8/32       EV:  2    Int: 19    God:    Makhleb [******]
Gold:   250        SH:  0    Dex: 19    Spells: 33/40 levels left

rFire    + + .     SeeInvis .   s - +7 long sword "Daros" {distort, rC+ rN+ Will+ Stlth+}
rCold    + . .     Faith    .   A - +0 buckler
rNeg     + . .     Spirit   .   a - +1 robe of the Hall of Blades {*Corrode Will++ Slay+2 Stlth+}
rPois    .         Reflect  +   (helmet restricted)
rElec    .         Harm     .   m - +1 cloak
rCorr    .         Rampage  .   g - +1 pair of gloves
Will     ++++.                  z - +1 pair of boots
Stlth    +++++.....             o - amulet of reflection
HPRegen  0.31/turn              G - ring of protection from fire
MPRegen  0.23/turn              L - ring "Qiplith" {Str+6 Dex+6 Slay+2}

@: paralysed, mighty, agile, corroded, berserk cooldown, slowed
A: antennae 2, icy blue scales 2, fire resistance 1, powered by pain 1, flame
cloud immunity
a: Renounce Religion, Minor Destruction, Lesser Servant of Makhleb, Major
Destruction, Greater Servant of Makhleb


You were on level 1 of the Elven Halls.
You worshipped Makhleb.
Makhleb was exalted by your worship.
You visited 5 branches of the dungeon, and saw 21 of its levels.
You also visited: Bailey and Ice Cave.

You collected 2479 gold pieces.
You spent 2229 gold pieces at shops.

Inventory:

Hand Weapons
 s - the +7 long sword "Daros" (weapon) {distort, rC+ rN+ Will+ Stlth+}
   (You bought it in a shop on level 6 of the Dungeon)

   It warps and distorts space around it.
   Unwielding it can cause banishment or high damage.
   It protects you from cold.
   It protects you from negative energy.
   It affects your willpower, your defense against some magical effects.
   It makes you more stealthy.
 v - a +8 scimitar of flaming
Missiles
 b - 757 stones (quivered)
 d - a throwing net
 i - 45 poisoned darts
Armour
 a - the +1 robe of the Hall of Blades (worn) {*Corrode Will++ Slay+2 Stlth+}
   (You found it on level 7 of the Dungeon)

   It affects your accuracy and damage with ranged weapons and melee attacks
   (+2).
   It affects your willpower, your defense against some magical effects.
   It may corrode you when you take damage.
   It makes you more stealthy.
 g - a +1 pair of gloves (worn)
 m - a +1 cloak (worn)
 q - a +1 robe of the Archmagi
 z - a +1 pair of boots (worn)
 A - a +0 buckler (worn)
 H - the +1 chain mail "Ackytui" {rN+++ Will- Slay+5}
   (You found it on level 15 of the Dungeon)

   It affects your accuracy and damage with ranged weapons and melee attacks
   (+5).
   It renders you almost immune to negative energy.
   It affects your willpower, your defense against some magical effects.
Jewellery
 o - an amulet of reflection (around neck)
 G - a ring of protection from fire (left hand)
 L - the ring "Qiplith" (right hand) {Str+6 Dex+6 Slay+2}
   (You bought it in a shop on level 14 of the Dungeon)

   [ring of dexterity]

   It affects your strength (+6).
   It affects your dexterity (+6).
   It affects your accuracy and damage with ranged weapons and melee attacks
   (+2).
Wands
 p - a wand of flame (24)
 D - a wand of paralysis (14)
Scrolls
 e - 2 scrolls of enchant armour
 f - a scroll of magic mapping
 j - 5 scrolls of remove curse
 k - a scroll of fear
 n - 5 scrolls of amnesia
 w - 2 scrolls of enchant weapon
 N - a scroll of identify
Potions
 c - 3 potions of curing
 h - 3 potions of ambrosia
 l - 2 potions of might
 r - 2 potions of heal wounds
 t - a potion of brilliance
 u - a potion of attraction
 B - 2 potions of lignification
 C - 4 potions of haste
 F - 2 potions of invisibility {unknown}
 J - 2 potions of mutation {unknown}
 K - 2 potions of cancellation {unknown}
 M - 2 potions of resistance


   Skills:
 - Level 14.8 Fighting
 - Level 4.8(10.6) Short Blades
 * Level 14.3(14.5) Long Blades
 - Level 3.5 Dodging
 - Level 4.5 Stealth
 - Level 6.3 Shields
 - Level 13.4 Spellcasting
 - Level 5.3 Ice Magic


You had 33 spell levels left.
You knew the following spells:

 Your Spells              Type           Power        Failure   Level
a - Freeze                Ice            100%         1%          1
b - Frozen Ramparts       Ice            66%          1%          3
c - Ozocubu's Armour      Ice            33%          1%          3

Your spell library contained the following spells:

 Spells                   Type           Power        Failure   Level
 Beastly Appendage        Tmut           24%          5%          1
 Sting                    Tmut/Pois      48%          5%          1
 Summon Small Mammal      Summ           48%          5%          1
 Call Imp                 Summ           12%          8%          2
 Poisonous Vapours        Pois/Air       24%          8%          2
 Wereblood                Tmut           12%          8%          2
 Call Canine Familiar     Summ           12%          16%         3
 Confusing Touch          Hex            12%          16%         3
 Conjure Flame            Conj/Fire      12%          16%         3
 Mephitic Cloud           Conj/Pois/Air  12%          16%         3
 Portal Projectile        Hex/Tloc       24%          16%         3
 Spider Form              Tmut/Pois      6%           16%         3
 Summon Guardian Golem    Hex/Summ       12%          16%         3
 Hailstorm                Conj/Ice       22%          17%         4
 Ice Form                 Ice/Tmut       22%          17%         4
 Summon Ice Beast         Ice/Summ       22%          17%         4
 Summon Lightning Spire   Summ/Air       12%          45%         4
 Blade Hands              Tmut           6%           82%         5
 Freezing Cloud           Conj/Ice/Air   9%           98%         6


Dungeon Overview and Level Annotations

Branches:
Dungeon (15/15)            Temple (1/1) D:4            Lair (2/6) D:11
  Swamp (0/4) Lair:2       Spider (0/4) Lair:2          Orc (2/2) D:12
    Elf (1/3) Orc:2        Vaults (0/5) D:14         Depths (0/5) D:15
 Bailey (visited)           IceCv (visited)

Altars:
Ashenzari
Cheibriados
Dithmenos
Elyvilon
Fedhas
Gozag
Hepliaklqana
Kikubaaqudgha
Makhleb
Nemelex Xobeh
Okawaru
Qazlal
Ru
Sif Muna
Trog
Uskayaw
Vehumet
Wu Jian
Xom
Yredelemnul
Zin
The Shining One
Beogh
Jiyva

Shops:
D:6 (   D:7 [   D:12 *[:}   D:14 =   Orc:2 !:?}(

Portals:
Trove: D:10 (give 17 scrolls of teleportation)

Annotations:
Lair:1 Get offensive spell
Abyss:1 ymhsbmbesitwf's ghost, novice MiFi


Innate Abilities, Weirdness & Mutations

You have a pair of antennae on your head.
You are mostly covered in icy blue scales. (AC +3)
Your flesh is heat resistant. (rF+)
You sometimes gain a little power by taking damage.
You are immune to clouds of flame.


Message History

You feel a strong urge to attack something.
The deep elf demonologist casts a spell.
Unknown command.
You are no longer berserk.
You pass out from exhaustion.
You feel yourself slow down. Something hits you but does no damage.
Something hits you!!!
* * * LOW HITPOINT WARNING * * *
You focus on the pain.
You feel your power returning.
You feel your power leaking away.
The chaos spawn is engulfed in blazing flames.
The deep elf mage casts a spell.
The deep elf mage blinks!
Something hits you!
* * * LOW HITPOINT WARNING * * *
You focus on the pain.
You feel mightier all of a sudden.
You feel your power leaking away.
The deep elf demonologist casts a spell.
Something hits you!!
You die...

#.... .# ###...#####..
.........##.##
#.........##..#
...........#.#.##
.....8#8......##.# ####.#
.....###......##.# #.....
.....8#8......##.##..#..##
#...........#.##@...#....
. #...._....##.#E1{..#..#
..
#.........##..Ee4.#...#...
##.......###..○○4.#....#
####.#.#####..e°.#.....#.#
#..)......##..e..).)....#
##.##)..##.##..°..)###...#
#..######
..#2........###.# #.##
.###........e...


You could see a Hell Sentinel (summoned), a deep elf annihilator, a blizzard
demon (summoned), a deep elf demonologist, a rust devil (summoned), a deep elf
mage, 2 fire elementals and a chaos spawn (summoned).

Vanquished Creatures
  A fire giant (D:15)
  A frost giant (IceCv)
  An orc warlord (Orc:1)
  3 hydras (D:13)
  A boulder beetle (D:14)
  4 vault guards (D:14)
  Erolcha (Orc:2)
  3 centaur warriors
  The ghost of Blodwynpig the Cleaver, a novice MiBe of Trog (D:10)
  A dancing weapon (Elf:1)
  5 two-headed ogres
  5 tengu warriors
  4 ogre magi
  Urug (D:13)
  A deep elf knight (Elf:1)
  Nergalle (Orc:2)
  3 skeletal warriors (D:14)
  4 unseen horrors
  A swamp dragon (D:13)
  A wizard (D:14)
  5 deep elf magi (Elf:1)
  4 orc knights
  Pikel (D:7)
  A wolf spider zombie (D:15)
  12 ugly things
  6 orc sorcerers (Orc:2)
  5 cyclopes
  A black mamba (Lair:1)
  3 centaur zombies
  10 cane toads
  5 gargoyles
  3 rime drakes
  A centaur skeleton (D:13)
  6 komodo dragons
  2 efreet
  5 yaktaurs (D:15)
  2 tengu conjurers
  6 trolls
  14 polar bears
  A blink frog (shapeshifter) (Elf:1)
  4 slime creatures
  15 blink frogs
  6 dream sheep (Lair:2)
  2 hornets (D:9)
  An air elemental (Elf:1)
  2 shadows (D:15)
  3 wyverns
  A basilisk (D:14)
  5 wraiths
  48 yaks
  6 vampire mosquitoes
  7 wargs
  An acid dragon (D:13)
  A swamp worm (Lair:2)
  5 water moccasins
  6 ice beasts
  A meliai simulacrum (D:15)
  6 sky beasts
  3 black bears
  25 orc warriors
  4 phantoms
  A swamp drake (D:12)
  3 necrophages
  20 ogres
  21 wolves
  7 centaurs
  3 big kobolds
  15 bullfrogs
  3 gnoll sergeants
  A wyvern skeleton (D:6)
  5 scorpions
  20 killer bees
  12 wights
  3 howler monkeys
  4 lava snakes (D:9)
  2 bullfrog zombies
  9 hounds
  Crazy Yiuf (D:4)
  11 jellies
  46 orc wizards
  23 orc priests
  4 bullfrog skeletons
  8 iguanas
  8 worker ants
  2 hound zombies
  2 hound skeletons
  A mummy (D:5)
  A howler monkey zombie (D:9)
  2 worker ant zombies
  A howler monkey skeleton (D:3)
  19 gnolls
  14 adders
  3 shadow imps
  A white imp (D:8)
  4 ufetubi
  2 oozes
  2 adder zombies
  3 adder skeletons
  5 worms
  2 dart slugs
  4 leopard geckos
  102 orcs
  7 giant cockroaches
  8 goblins
  5 hobgoblins
  19 jackals
  5 quokkas
  A ball python (D:3)
  7 bats
  4 frilled lizards
  18 kobolds
  A leopard gecko skeleton (D:5)
  A quokka skeleton (D:5)
  10 rats
774 creatures vanquished.

Vanquished Creatures (collateral kills)
  Snorg (Orc:2)
  2 hydras
  A deep elf mage (D:14)
  An orc warrior (Bailey)
  An ogre (D:15)
6 creatures vanquished.

Vanquished Creatures (others)
  2 deep elf magi (Elf:1)
  A yak (D:14)
  A vampire mosquito (D:13)
  A wolf (IceCv)
  3 orc wizards
  An orc (Orc:2)
  A kobold (D:10)
  38 fungi
  47 plants
95 creatures vanquished.

Grand Total: 875 creatures vanquished

Notes
Turn   | Place    | Note
-------+----------+-------------------------------------------
     0 | D:1      | Amplified the Demonspawn Ice Elementalist began the quest
                  | for the Orb.
     0 | D:1      | Reached XP level 1. HP: 13/13 MP: 3/3
   615 | D:1      | Gained mutation: You are partially covered in icy blue
                  | scales. (AC +2) [demonic ancestry]
   615 | D:1      | Reached XP level 2. HP: 20/20 MP: 1/5
   863 | D:1      | You fall into a shaft and drop 1 floor!
   914 | D:2      | Found an opulent altar of Gozag.
   942 | D:2      | Reached skill level 1 in Fighting
  1508 | D:1      | Gained mutation: You have a pair of small antennae on your
                  | head. [demonic ancestry]
  1508 | D:1      | Reached XP level 3. HP: 22/26 MP: 4/6
  1979 | D:2      | Learned a level 3 spell: Frozen Ramparts
  2213 | D:2      | Learned a level 3 spell: Ozocubu's Armour
  2702 | D:3      | Reached XP level 4. HP: 23/33 MP: 4/8
  2966 | D:3      | Found an ancient bone altar of Kikubaaqudgha.
  3649 | D:3      | Reached XP level 5. HP: 32/39 MP: 4/9
  4592 | D:3      | Found a broken altar of Ashenzari.
  5135 | D:4      | Found a staircase to the Ecumenical Temple.
  5259 | D:4      | Reached skill level 1 in Short Blades
  5323 | D:4      | Gained mutation: Your flesh is heat resistant. (rF+)
                  | [demonic ancestry]
  5323 | D:4      | Reached XP level 6. HP: 39/47 MP: 3/11
  5331 | D:4      | Reached skill level 5 in Ice Magic
  5460 | D:4      | Gained mutation: You sometimes gain a little power by
                  | taking damage. [demonic ancestry]
  5460 | D:4      | Reached XP level 7. HP: 42/53 MP: 6/13
  5875 | D:4      | Found a shimmering altar of Xom.
  5875 | D:4      | Found a snail-covered altar of Cheibriados.
  5919 | D:4      | Found a glowing silver altar of Zin.
  6033 | D:4      | Found a runed translucent door.
  6034 | D:4      | Noticed Crazy Yiuf
  6441 | D:4      | Killed Crazy Yiuf
  6537 | Temple   | Entered the Ecumenical Temple
  6604 | Temple   | Became a worshipper of Makhleb the Destroyer
  6637 | D:5      | Entered Level 5 of the Dungeon
  6834 | D:5      | Found a transporter.
  6834 | D:5      | Noticed ymhsbmbesitwf's ghost (novice MiFi)
  6986 | D:5      | Found a transporter.
  7799 | D:6      | Reached XP level 8. HP: 56/61 MP: 8/14
  7843 | D:6      | Reached skill level 5 in Fighting
  8163 | D:6      | Found an ornate altar of the Wu Jian Council.
  8315 | D:6      | Reached * piety under Makhleb
  8572 | D:6      | Found Niemit's Antique Weapon Shop.
  8578 | D:6      | Bought a jewelled long sword for 212 gold pieces
  8578 | D:6      | Identified the +7 long sword "Daros" {distort, rC+ rN+
                  | Will+ Stlth+} (You bought it in a shop on level 6 of the
                  | Dungeon)
  8659 | D:6      | Reached skill level 1 in Long Blades
  8843 | D:6      | Gained mutation: You are mostly covered in icy blue scales.
                  | (AC +3) [demonic ancestry]
  8843 | D:6      | Reached XP level 9. HP: 57/70 MP: 11/16
  9078 | D:7      | Noticed Pikel
  9089 | D:7      | Killed Pikel
  9090 | D:7      | Reached skill level 5 in Spellcasting
  9446 | D:7      | Found Quetocan's Armour Emporium.
  9464 | D:7      | Bought a +0 pair of boots for 45 gold pieces
  9469 | D:7      | Bought a +0 buckler for 45 gold pieces
  9499 | D:7      | Reached ** piety under Makhleb
  9564 | D:7      | Killed an unseen horror
  9565 | D:7      | Reached skill level 1 in Shields
  9591 | D:7      | Found a shadowy altar of Dithmenos.
  9679 | D:7      | Got a distressingly furry robe
  9690 | D:7      | Identified the +1 robe of the Hall of Blades {*Corrode
                  | Will++ Slay+2 Stlth+} (You found it on level 7 of the
                  | Dungeon)
  9763 | D:7      | Reached XP level 10. HP: 79/79 MP: 13/19
 10818 | D:8      | Found a blossoming altar of Fedhas.
 10915 | D:8      | Found a sparkling altar of Nemelex Xobeh.
 11053 | D:8      | Reached *** piety under Makhleb
 11336 | D:9      | Found a flagged portal.
 11397 | Bailey   | Entered a bailey
 11461 | Bailey   | Noticed an orc knight
 11632 | Bailey   | Noticed an orc knight
 11647 | Bailey   | Noticed an orc knight
 11653 | Bailey   | Reached skill level 5 in Long Blades
 11659 | Bailey   | Killed an orc knight
 11665 | Bailey   | Killed an orc knight
 11678 | Bailey   | Killed an orc knight
 11888 | Bailey   | Identified the Volume of Contamination and Enchantment
 12190 | D:9      | Found a radiant altar of Vehumet.
 12237 | D:9      | Reached XP level 11. HP: 87/87 MP: 22/22
 12239 | D:9      | Reached **** piety under Makhleb
 12250 | D:9      | Noticed a two-headed ogre
 12281 | D:9      | Killed a two-headed ogre
 12282 | D:9      | Reached skill level 5 in Shields
 12704 | D:9      | Found a sacrificial altar of Ru.
 12850 | D:10     | Entered Level 10 of the Dungeon
 12895 | D:10     | Found a runed translucent gate.
 12895 | D:10     | Found a runed translucent gate.
 12898 | D:10     | Found a runed translucent gate.
 12900 | D:10     | Found a viscous altar of Jiyva.
 12900 | D:10     | Noticed Blodwynpig's ghost (novice MiBe)
 12933 | D:10     | Identified the +1 robe of Dice, Bag, and Bottle {Int+2}
 12984 | D:10     | Found a portal to a secret trove of treasure.
 13554 | D:11     | Found a staircase to the Lair.
 13639 | D:11     | Reached ***** piety under Makhleb
 13934 | D:11     | Noticed a seven-headed hydra
 14212 | D:11     | Killed an unseen horror
 14213 | D:11     | Reached skill level 10 in Fighting
 14454 | D:12     | You fall into a shaft and drop 2 floors!
 14466 | D:14     | You fall into a shaft and drop 1 floor!
 14466 | D:15     | Entered Level 15 of the Dungeon
 14794 | D:15     | Found a viscous altar of Jiyva.
 14815 | D:15     | Reached XP level 12. HP: 97/97 MP: 14/24
 15163 | D:15     | Noticed a tengu warrior
 15163 | D:15     | Noticed a tengu warrior
 15165 | D:15     | Found a staircase to the Depths.
 15165 | D:15     | Noticed a fire giant
 15169 | D:15     | Got a jewelled chain mail
 15169 | D:15     | Noticed a four-headed hydra
 15211 | D:15     | Killed a tengu warrior
 15528 | D:14     | Found a sacrificial altar of Ru.
 15548 | D:14     | Reached skill level 10 in Spellcasting
 16050 | D:14     | Found a shimmering altar of Xom.
 16074 | D:14     | Noticed a four-headed hydra
 16170 | D:13     | Noticed a four-headed hydra
 16170 | D:13     | Noticed a five-headed hydra
 16181 | D:13     | Noticed an eight-headed hydra
 16182 | D:13     | Killed a four-headed hydra
 16183 | D:13     | Gained mutation: You are immune to clouds of flame.
                  | [demonic ancestry]
 16183 | D:13     | Reached XP level 13. HP: 67/107 MP: 27/27
 16406 | D:12     | Found Loskeb's Assorted Antiques.
 16496 | D:12     | Bought a scroll labelled QOSTOBINUE for 34 gold pieces
 16496 | D:12     | Bought a scroll labelled XAILOK QEGRAE for 34 gold pieces
 16496 | D:12     | Bought a scroll of teleportation for 102 gold pieces
 16829 | D:12     | Reached ****** piety under Makhleb
 16856 | D:12     | Found a staircase to the Orcish Mines.
 17019 | D:12     | Found Xeymuros's Book Emporium.
 17031 | D:12     | Reached skill level 10 in Long Blades
 17092 | D:12     | Found Aroc's Gadget Emporium.
 17613 | D:12     | Found Paxtauma's Armour Shoppe.
 17750 | D:10     | Identified the cursed +1 chain mail "Ackytui" {rN+++ Will-
                  | Slay+5} (You found it on level 15 of the Dungeon)
 18300 | Orc:1    | Entered Level 1 of the Orcish Mines
 18318 | Orc:1    | Noticed a stone giant
 18342 | Orc:1    | Banished a stone giant
 18632 | Orc:1    | Noticed an orc warlord
 18685 | Orc:1    | Killed an orc warlord
 18979 | Orc:2    | Entered Level 2 of the Orcish Mines
 18992 | Orc:2    | Found Rotiles's Gadget Boutique.
 19108 | Orc:2    | Noticed Snorg
 19182 | Orc:2    | Noticed Erolcha
 19198 | Orc:2    | Killed Erolcha
 19215 | Orc:2    | Found a staircase to the Elven Halls.
 19217 | Orc:2    | Found a frozen archway.
 19223 | IceCv    | Entered an ice cave
 19878 | IceCv    | Reached XP level 14. HP: 85/118 MP: 20/29
 19979 | IceCv    | Noticed a frost giant
 19999 | IceCv    | Killed a frost giant
 20898 | Orc:2    | Found Taecopu's Antique Weapon Boutique.
 20981 | Orc:2    | Found an ancient bone altar of Kikubaaqudgha.
 20982 | Orc:2    | Noticed Nergalle
 21010 | Orc:2    | Killed Nergalle
 21026 | Orc:2    | Found Dacs's Magic Scroll Shop.
 21037 | Orc:2    | Bought a scroll of fear for 49 gold pieces
 21037 | Orc:2    | Bought a scroll of fear for 49 gold pieces
 21037 | Orc:2    | Bought a scroll of blinking for 105 gold pieces
 21037 | Orc:2    | Bought a scroll of teleportation for 42 gold pieces
 21041 | Orc:2    | Found a radiant altar of Vehumet.
 21399 | Orc:2    | Found Bediel's Book Boutique.
 21400 | Orc:2    | Found a roughly hewn altar of Beogh.
 21474 | Orc:2    | Found Poajurot's Distillery.
 21485 | Orc:2    | Bought a potion of heal wounds for 85 gold pieces
 21485 | Orc:2    | Bought a potion of heal wounds for 85 gold pieces
 21485 | Orc:2    | Bought a potion of curing for 51 gold pieces
 21485 | Orc:2    | Bought 2 potions of heal wounds for 170 gold pieces
 21485 | Orc:2    | Bought a potion of brilliance for 68 gold pieces
 21485 | Orc:2    | Bought a potion of flight for 51 gold pieces
 21485 | Orc:2    | Bought a potion of lignification for 51 gold pieces
 21563 | Orc:2    | Found a roughly hewn altar of Beogh.
 21646 | Orc:2    | Killed Snorg
 22019 | D:13     | Noticed Urug
 22033 | D:13     | Killed Urug
 22456 | D:10     | Killed Blodwynpig's ghost
 22625 | D:5      | Banished ymhsbmbesitwf's ghost
 23296 | D:13     | Found a snail-covered altar of Cheibriados.
 24082 | D:15     | Gained mutation: You have a pair of antennae on your head.
                  | [demonic ancestry]
 24082 | D:15     | Reached XP level 15. HP: 57/127 MP: 29/32
 24599 | D:15     | Killed a fire giant
 25158 | D:14     | Found Qiurph's Jewellery Boutique.
 25168 | D:14     | Bought the ring "Qiplith" {Str+6 Dex+6 Slay+2} for 951 gold
                  | pieces
 25241 | D:14     | Found a gate to the Vaults.
 26119 | Lair:1   | Entered Level 1 of the Lair of Beasts
 27491 | Lair:2   | Found a hole to the Spider Nest.
 28146 | Lair:2   | Found a staircase to the Swamp.
 28556 | Elf:1    | Entered Level 1 of the Elven Halls
 28573 | Elf:1    | Found a radiant altar of Vehumet.
 28699 | Elf:1    | Noticed a Hell Sentinel
 28713 | Elf:1    | Demolished by a lorocyproca

Illustrated notes

Levels and vault maps discovered:
D:1:      dpeg_arrival_morbid_curiosity, layout_loops_corners
D:2:      cheibrodos_helix_gallery, layout_loops_cross, old_standard_altar,
          kennysheep_generic_room_15
D:3:      minmay_bubble_buster, layout_loops_corners, kiku_gazebo_pond_becter,
          general_overflow_altar, serial_rivers, chequers_serial_rivers_small_3,
          chequers_serial_rivers_room_a, chequers_serial_rivers_micro_c,
          chequers_serial_rivers_marsh, chequers_serial_rivers_micro_a
D:4:      layout_basic, chequers_temple_overflow_statue_of_worship,
          temple_statues, uniq_crazy_yiuf_cottage
D:5:      layout_basic, gammafunk_ghost_mausoleum
D:6:      lemuel_ice_spiral_2, layout_rooms, nzn_wu_jian_council_hall,
          serial_shops, kennysheep_little_box, minmay_fractal_squares_5
D:7:      layout_loops_ring, serial_shops, shop,
          grunt_dithmenos_smoke_and_mirrors, uniq_pikel
D:8:      layout_cave_pods, marbit_many_paths, fedhas_altar_4
D:9:      layout_big_octagon, old_standard_altar, lemuel_doored_altar,
          serial_gnoll_camp, gnoll_camp_mini_hut, gnoll_camp_mini_loothouse,
          gnoll_camp_mini_house, enter_bailey_8, hangedman_pestilent_swarm
D:10:     layout_cave_pools, enter_trove_3, gammafunk_ghost_ooze,
          minmay_misc_feat_rugged
D:11:     layout_grid_maze, due_lair_maze_entry_diamond
D:12:     layout_basic, erik_orc_1, serial_shops, shop, shop, shop, shop
D:13:     layout_basic, basic_altar, abandoned_shop, pond, uniq_urug
D:14:     layout_roguey, lightli_vaults_fourway_checkpoint,
          nicolae_ru_sacrificial_ziggurat, serial_shops, shop_fountains,
          xom_teletrap_fun
D:15:     grunt_enter_depths_giant_problem, layout_loops_cross,
          palyth_stone_intersect, jiyva_altar_1
Temple:   nicolae_temple_x_marks_the_god
Lair:1:   layout_chaotic_city, infiniplex_staircase_pool_2, grunt_megastairs_5,
          serial_bayou_shore_b
Lair:2:   layout_hall_layers, palyth_hydra_swamp_entry, dummy_spider_entry,
          grunt_megastairs_4, serial_bayou_shore_b
Orc:1:    layout_caves
Orc:2:    kennysheep_orc_mage_school, layout_caves, portal_ice_cave_rime,
          basic_altar, serial_shops, nicolae_shop_trees, uniq_snorg,
          uniq_erolcha
Elf:1:    eino_elf_arrival_altar, layout_rooms, serial_shops, shop,
          serial_sigils, serial_sigils_hangedman_writhe,
          serial_sigils_hangedman_shear, serial_sigils_hangedman_clutch,
          serial_sigils_hangedman_carve, serial_sigils_hangedman_leer,
          hangedman_elf_disciples

Skill      XL: |  1  2  3  4  5  6  7  8  9 10 11 12 13 14 15 |
---------------+----------------------------------------------+-----
Fighting       | 1 2 3 4 6 7 8 10 11 13 14 | 14.8
Ice Magic      | 4 5 |  5.3
Spellcasting   | 3 4 6 7 8 10 11 13 | 13.4
Short Blades   | 1 2 3 4 |  4.8
Stealth        | 3 4 |  4.5
Dodging        | 2 3 |  3.5
Long Blades    | 1 3 5 7 9 11 12 14 | 14.3
Shields        | 2 4 6 |  6.3

Action                   |  1- 3 |  4- 6 |  7- 9 | 10-12 | 13-15 || total
-------------------------+-------+-------+-------+-------+-------++-------
Melee: Unarmed           |     3 |       |       |       |       ||     3
       Hand axe          |    57 |    39 |       |       |       ||    96
       Dagger            |       |   170 |   204 |       |       ||   374
       Long sword        |       |       |    94 |   462 |   982 ||  1538
Throw: Dart              |       |     3 |     3 |     5 |       ||    11
       Throwing net      |       |       |       |       |     2 ||     2
 Cast: Freeze            |    35 |     7 |       |       |     2 ||    44
       Frozen Ramparts   |     1 |     7 |    32 |    41 |    75 ||   156
       Ozocubu's Armour  |       |     2 |    12 |    23 |    43 ||    80
Invok: Lesser Servant of |       |       |       |     1 |     6 ||     7
Evoke: Wand              |       |       |       |    32 |    37 ||    69
  Use: Scroll            |     5 |     5 |     7 |    12 |    12 ||    41
       Potion            |     2 |     1 |     3 |     8 |    14 ||    28
 Stab: Sleeping          |     2 |     2 |     7 |    21 |    31 ||    63
       Paralysed         |       |       |       |     3 |     4 ||     7
       Distracted        |       |       |       |     1 |     1 ||     2
       Held in net/web   |       |       |       |       |     1 ||     1
Armor: Robe              |    25 |    85 |    88 |   139 |   245 ||   582
       Skin              |       |       |       |     8 |       ||     8
Dodge: Dodged            |    59 |   147 |   140 |   256 |   455 ||  1057
Block: Other             |       |       |    50 |       |       ||    50
       Buckler           |       |       |     9 |   288 |   442 ||   739
       Reflection        |       |       |       |     8 |    21 ||    29
       Rpst.: Long sword |       |       |    11 |    60 |   102 ||   173
